 Dungeon Crawl Stone Soup version 0.27.1 (webtiles) character file.

Game seed: 13094072395013726451

716 Crownlay the Cleaver (level 7, -1/52 (57) HPs)
             Began as a Hill Orc Fighter on Aug 29, 2021.
             Slain by a wight (3 damage)
             ... on level 4 of the Dungeon.
             The game lasted 00:08:16 (4148 turns).

Crownlay the Cleaver (Hill Orc Fighter)             Turns: 4148, Time: 00:08:17

HP:   -1/52 (57)    AC:  9    Str: 21    XL:     7   Next: 69%
MP:   7/7           EV:  9    Int:  8    God:
Gold: 155           SH:  0    Dex: 10    Spells: 6/6 levels left

rFire    . . .     SeeInvis .   a - +0 war axe
rCold    . . .     Faith    .   (no shield)
rNeg     . . .     Spirit   .   b - +0 scale mail
rPois    .         Reflect  .   p - +0 helmet
rElec    .         Harm     .   t - +0 cloak
rCorr    .         Rampage  .   (no gloves)
Will     .....                  (no boots)
Stlth    ..........             (no amulet)
HPRegen  0.17/turn              (no ring)
MPRegen  0.10/turn              (no ring)

@: drained
A: no striking features
a: no special abilities


You were on level 4 of the Dungeon.
You visited 1 branch of the dungeon, and saw 4 of its levels.
You also visited: Sewer.

You collected 155 gold pieces.

Inventory:

Hand Weapons
 a - a +0 war axe (weapon)
Armour
 b - a +0 scale mail (worn)
 c - a +0 kite shield
 p - a +0 helmet (worn)
 t - a +0 cloak (worn)
Wands
 r - a wand of mindburst (16)
Scrolls
 e - a scroll of immolation
 f - 4 scrolls of teleportation {unknown}
 h - 2 scrolls of enchant weapon {unknown}
 i - a scroll of amnesia {unknown}
 l - a scroll of acquirement {unknown}
 n - 2 scrolls of identify {unknown}
Potions
 d - 2 potions of magic {unknown}
 g - 3 potions of brilliance {unknown}
 j - 2 potions of mutation {unknown}
 k - a potion of curing {unknown}
 m - a potion of attraction {unknown}
 o - 2 potions of haste {unknown}
 q - a potion of might
 s - a potion of flight {unknown}
 u - a potion of heal wounds {unknown}


   Skills:
 - Level 3.6 Fighting
 * Level 10.9 Axes
 - Level 3.2 Armour
 - Level 3.2 Shields


You had 6 spell levels left.
You didn't know any spells.
Your spell library contained the following spells:

 Spells                   Type           Power      Damage    Failure   Level
 Passwall                 Tmut/Erth      0%         N/A       87%         2
 Gell's Gravitas          Tloc           0%         N/A       98%         3
 Mephitic Cloud           Conj/Pois/Air  0%         N/A       98%         3
 Teleport Other           Tloc           0%         N/A       98%         3
 Ice Form                 Ice/Tmut       0%         N/A       100%        4
 Dispersal                Tloc           0%         N/A       100%        6


Dungeon Overview and Level Annotations

Branches:
Dungeon (4/15)              Sewer (visited)
 Temple: D:4-7

Altars:
Gozag
Sif Muna

Shops:
D:1 *


Message History

You hit the adder.
You kill the adder!
Your scale mail prevents you from hitting the hound skeleton.
The hound skeleton is heavily damaged.
The hound skeleton bites you but does no damage.
You slash the hound skeleton!
You destroy the hound skeleton!
No target in view!
No target in view!
No target in view!
No target in view!
You see here an adder corpse.
Found an opulent altar of Gozag.
Found an Inescapable Atlas.
Found a dagger.
Found a stone staircase leading down.
A wight comes into view. It is wielding a +4 scimitar.
A wight is nearby!
A wight comes into view. It is wielding a +0 flail.
Found 9 gold pieces.
The wight moves out of view.
The wight hits you but does no damage.
You hit the wight but do no damage. The wight hits you with a +4 scimitar!
You feel drained.
You barely miss the wight. The wight hits you with a +4 scimitar!
You barely miss the wight. The wight hits you with a +4 scimitar.
You closely miss the wight. x2; The wight hits you with a +0 flail!
The wight hits you with a +4 scimitar!
You are too injured to fight recklessly!
You are too injured to fight recklessly!
You are too injured to fight recklessly!
You are too injured to fight recklessly!
You are too injured to fight recklessly!
The wight hits you with a +0 flail!
* * * LOW HITPOINT WARNING * * *
You feel drained.
* * * LOW HITPOINT WARNING * * *
The wight hits you with a +0 flail!
* * * LOW HITPOINT WARNING * * *
You feel drained.
You die...

.....#
.................
.<<..#
.................
....##
#........).:.......
†####
#...................
## #..# #..........
#..# #..........
#..# ##.........
####..#
####z........ .##..#
#.@z......... .....#
#.###.......# ##...#
#.# #.....### ###.##
###.###....##
.....##
##.....##....#
......#
#.8...8.#....#
.....##
###.......#......
....##
#....._........##
.....##
#.#.......#.#


You could see 2 wights.

Vanquished Creatures
  Grinder (D:3)
  Purgy (Sewer)
  A necrophage (D:4)
  Crazy Yiuf (D:3)
  A hound (D:4)
  Natasha (thrice) (D:2)
  A hound skeleton (D:4)
  Robin (D:3)
  A gnoll (D:1)
  7 adders
  A worm (D:2)
  5 dart slugs
  4 orcs (D:3)
  6 ball pythons
  7 endoplasms
  5 giant cockroaches
  8 goblins
  2 hobgoblins
  5 jackals (D:1)
  5 kobolds
  A quokka (D:1)
  6 bats
  13 frilled lizards
  3 rats
89 creatures vanquished.

Notes
Turn   | Place    | Note
-------+----------+-------------------------------------------
     0 | D:1      | Crownlay the Hill Orc Fighter began the quest for the Orb.
     0 | D:1      | Reached XP level 1. HP: 19/19 MP: 1/1
    79 | D:1      | Reached skill level 3 in Axes
   279 | D:1      | Reached XP level 2. HP: 24/26 MP: 2/2
   334 | D:1      | Reached skill level 4 in Axes
   438 | D:1      | Reached XP level 3. HP: 25/31 MP: 3/3
   533 | D:1      | Found Miakk's Assorted Antiques.
   834 | D:1      | Reached skill level 5 in Axes
  1161 | D:2      | Reached XP level 4. HP: 39/39 MP: 4/4
  1403 | D:2      | Noticed Natasha
  1416 | D:2      | Killed Natasha
  1417 | D:2      | Reached skill level 6 in Axes
  1764 | D:2      | Noticed Natasha
  1772 | D:2      | Killed Natasha
  1773 | D:2      | Reached XP level 5. HP: 36/45 MP: 5/5
  1877 | D:2      | Noticed Natasha
  1891 | D:2      | Killed Natasha
  1892 | D:2      | Reached skill level 7 in Axes
  2508 | D:3      | Noticed Robin
  2521 | D:3      | Killed Robin
  2552 | D:3      | Noticed Grinder
  2556 | D:3      | Paralysed by Grinder for 6 turns
  2564 | D:3      | Killed Grinder
  2565 | D:3      | Reached skill level 9 in Axes
  2565 | D:3      | Reached XP level 6. HP: 8/51 MP: 6/6
  2637 | D:3      | Found a shimmering blue altar of Sif Muna.
  2801 | D:3      | Found a runed translucent door.
  2802 | D:3      | Noticed Crazy Yiuf
  2874 | D:3      | Found a glowing drain.
  2911 | Sewer    | Entered a sewer
  2995 | Sewer    | Noticed Purgy
  3009 | Sewer    | Killed Purgy
  3010 | Sewer    | Reached skill level 10 in Axes
  3010 | Sewer    | Reached XP level 7. HP: 13/57 MP: 7/7
  3414 | D:3      | Got Ufohaoci's Papyrus of Changing and Poison
  3827 | D:3      | Found a faded altar of an unknown god.
  3981 | D:3      | Killed Crazy Yiuf
  4119 | D:4      | Found an opulent altar of Gozag.
  4148 | D:4      | HP: 2/54 [wight (7)]
  4148 | D:4      | Slain by a wight

Illustrated notes

Levels and vault maps discovered:
D:1:      dpeg_chamrin_arrival_tetris, layout_basic, serial_shops, shop,
          st_stairs_4
D:2:      layout_basic, uniq_natasha
D:3:      layout_basic, mainiacjoe_overflow_paths, gup_sewer_entry_glass,
          basic_ecumenical_altar, uniq_robin, uniq_grinder,
          uniq_crazy_yiuf_cottage
D:4:      layout_cave_pods, grunt_gozag_statues, elyvilon_altar_1,
          minmay_checkerbox, uniq_blork_the_orc

Skill      XL: |  1  2  3  4  5  6 |
---------------+-------------------+-----
Axes           | 3 4 5 6 9 10 | 10.9
Fighting       | |  3.6
Armour         | |  3.2
Shields        | |  3.2

Action                   |  1- 3 |  4- 6 |  7- 9 || total
-------------------------+-------+-------+-------++-------
Melee: War axe           |    72 |   123 |    56 ||   251
  Use: Scroll            |       |     1 |       ||     1
       Potion            |       |     1 |       ||     1
Armor: Scale mail        |    58 |    84 |    25 ||   167
Dodge: Dodged            |    54 |    64 |    22 ||   140
Block: Kite shield       |     1 |       |       ||     1
